AoeStats
← jeff224171

MegaRandom

509874028Analyzed
2v2 RM · 3d ago on Sep 28, 2026· 16m 8s· 4 players
Game mode
Random Map
Map size
Medium (4 player)
Population
200
Speed
Normal
Resources
Standard
Victory
Conquest
Starting age
Dark Age
Ending age
Imperial Age
RankedLock teamsTeams togetherTeam positionsShared explorationLock speedFull tech treeHidden civsTurbo modeCheats
Victory
Defeat
🇹🇼 Byzantines · Taiwan
1342
+17
🇹🇼 Franks · Taiwan
1342
+17
🇳🇱 Teutons · Netherlands
1362
-17
🇳🇱 Mongols · Netherlands
1361
-17
jeff224171
6:25 Loom
9:25 Feudal Age
10:11 Double-Bit Axe
j79609
5:44 Loom
8:48 Feudal Age
9:22 Double-Bit Axe
15:47 Fletching
UnkyUnknown
7:25 Loom
9:41 Feudal Age
13:17 Bloodlines
14:00 Forging
wouter372
10:17 Feudal Age
10:20 Loom
14:32 Castle Age
12:53 Double-Bit Axe
Connection lost

Rejoining the realm…

Still unreachable

The connection could not be restored.

Session expired

The server has moved on; the page needs a fresh start.